 Dungeon Crawl Stone Soup version 0.22.0-2-ge58baed0e8 (webtiles) character file.

1588 Htamos the Schismatic (level 9, -2/69 HPs)
             Began as a Human Abyssal Knight on Aug 12, 2018.
             Was an Elder of Lugonu.
             Slain by a sky beast (6 damage)
             ... on level 5 of the Dungeon.
             The game lasted 00:12:10 (8073 turns).

Htamos the Schismatic (Human Abyssal Knight)        Turns: 8073, Time: 00:12:11

Health: -2/69      AC: 14    Str: 14 (16) XL:     9   Next: 15%
Magic:  12/12      EV:  9    Int: 15 (18) God:    Lugonu [****..]
Gold:   310        SH:  0    Dex: 14 (17) Spells: 8/8 levels left

rFire    . . .     SeeInvis .   d - +0 whip (elec)
rCold    . . .     Gourm    +   (no shield)
rNeg     . . .     Faith    .   p - +0 plate armour
rPois    .         Spirit   .   j - +2 helmet
rElec    .         Reflect  .   (no cloak)
rCorr    .         Harm     .   (no gloves)
MR       .....                  (no boots)
Stlth    ..........             i - amulet of the gourmand
HPRegen  0.21/turn              (no ring)
MPRegen  0.13/turn              (no ring)

@: brilliant, agile, about to teleport, hasted, heavily drained, very quick
A: blink, low mp 1
a: Blink, Depart the Abyss, Bend Space, Banish, Corrupt, Renounce Religion


You were on level 5 of the Dungeon.
You worshipped Lugonu.
Lugonu was greatly pleased with you.
You were not hungry.

You visited 1 branch of the dungeon, and saw 6 of its levels.
You visited the Abyss 1 time.

You collected 310 gold pieces.

Inventory:

Hand Weapons
 a - a +1 mace
 d - a +0 whip of electrocution (weapon)
 y - a +2 dagger of venom
 z - a +4 flail
Missiles
 k - 182 stones (quivered)
Armour
 b - a +0 leather armour
 j - a +2 helmet (worn)
 m - a +0 scale mail
 p - a +0 plate armour (worn)
Jewellery
 i - an amulet of the gourmand (around neck)
Wands
 q - a wand of polymorph (4)
 t - a wand of flame (18)
 x - a wand of iceblast (2)
Scrolls
 f - 3 scrolls of teleportation
 g - a scroll of enchant armour {unknown}
 h - 3 scrolls of identify
 l - a scroll of noise {unknown}
 n - 6 scrolls of remove curse {unknown}
 v - 4 scrolls of enchant weapon {unknown}
 w - a scroll of blinking {unknown}
Potions
 o - a potion of magic
 s - 3 potions of agility
Comestibles
 c - 11 rations


   Skills:
 + Level 6.0(4.1) Fighting
 + Level 5.4(3.6) Maces & Flails
 + Level 5.5(3.6) Armour
 - Level 2.2(0.5) Dodging
 + Level 6.5(4.5) Invocations


You had 8 spell levels left.
You didn't know any spells.
Your spell library contained the following spells:

 Spells                   Type           Power        Failure   Level  Hunger
 Confuse                  Hex            #.......     99%         3    ####...
 Tukima's Dance           Hex            #.......     99%         3    ####...
 Ensorcelled Hibernation  Hex/Ice        #.....       95%         2    ###....
 Corona                   Hex            #......      88%         1    ##.....
 Dazzling Spray           Conj/Hex       #.....       99%         3    ####...


Dungeon Overview and Level Annotations

Branches:
Dungeon (6/15)             Temple (0/1) D:5

Altars:
Cheibriados
Fedhas
Gozag
Ru
Wu Jian

Annotations:
D:2 exclusion: downstairs
D:5 1 transporter, Jorund's ghost, novice VSIE


Innate Abilities, Weirdness & Mutations

You can translocate small distances at will.
Your magical capacity is low. (-10% MP)


Message History

It was a potion of agility.
You feel agile all of a sudden. Something hits you.
* * * LOW HITPOINT WARNING * * *
Something shocks you.
* * * LOW HITPOINT WARNING * * *
It was a potion of haste.
You feel yourself speed up. Something hits you but does no damage.
It was a potion of brilliance.
You feel clever all of a sudden. Something completely misses you.
It was a potion of degeneration.
There was something very wrong with that liquid.
You feel weakened.
You feel dopey.
You feel clumsy.
As you read the scroll labeled DUUPPORGHISH, it crumbles to dust.
You feel strangely unstable.
It was a scroll of teleportation.
Something hits you.
* * * LOW HITPOINT WARNING * * *
Something shocks you.
You die...

..........# .......##.#
.......##.# .......##.#
.####.....# .#........#
.#........#
.#........########
...............{@#
......###..#######
.......##..###############
.......##................#
####...###.############.##
# #...# #.# #.# #
#...###.## #.# #
#........# #.#
####........# #.#


There were no monsters in sight!

Vanquished Creatures
  An ice beast (D:5)
  2 sky beasts
  A phantom (D:4)
  A wolf (D:5)
  A centaur (D:5)
  A big kobold (D:5)
  2 scorpions
  A howler monkey (D:4)
  5 wights (D:6)
  2 crimson imps (D:5)
  A hound (D:4)
  A jelly (D:5)
  3 orc wizards
  A bullfrog skeleton (D:6)
  2 iguanas (D:5)
  4 worker ants
  Robin (D:4)
  6 gnolls
  6 adders
  An ooze (D:5)
  An adder zombie (D:5)
  2 worms
  3 dart slugs
  4 leopard geckos
  18 orcs
  3 giant cockroaches
  11 goblins
  10 hobgoblins
  15 jackals
  A quokka (D:6)
  4 bats
  4 frilled lizards
  2 jackal skeletons (D:4)
  4 kobolds
  A leopard gecko skeleton (D:4)
  A quokka skeleton (D:4)
  3 rats
130 creatures vanquished.

Vanquished Creatures (others)
  5 toadstools (D:1)
5 creatures vanquished.

Grand Total: 135 creatures vanquished

Notes
Turn   | Place    | Note
-------+----------+-------------------------------------------
     0 | Abyss:1  | Htamos the Human Abyssal Knight began the quest for the Orb.
     0 | Abyss:1  | Reached XP level 1. HP: 18/18 MP: 2/2
    16 | D:1      | Escaped the Abyss
    91 | D:1      | Reached XP level 2. HP: 19/24 MP: 3/3
   320 | D:1      | Reached XP level 3. HP: 18/29 MP: 4/4
   861 | D:1      | Gained mutation: Your magical capacity is low. (-10% MP) [potion of mutation]
   861 | D:1      | Gained mutation: You can translocate small distances at will. [potion of mutation]
   879 | D:1      | Reached ** piety under Lugonu
  1288 | D:2      | Found a sacrificial altar of Ru.
  1856 | D:3      | Reached XP level 4. HP: 32/35 MP: 5/5
  2707 | D:2      | Reached XP level 5. HP: 40/41 MP: 6/6
  3767 | D:3      | Reached XP level 6. HP: 45/48 MP: 8/8
  3906 | D:4      | Noticed an ogre
  4106 | D:4      | Found a blossoming altar of Fedhas.
  4144 | D:4      | Reached *** piety under Lugonu
  4523 | D:4      | Noticed a sky beast
  4548 | D:4      | Killed a sky beast
  4548 | D:4      | Reached XP level 7. HP: 46/54 MP: 9/9
  5199 | D:4      | Found an ornate altar of the Wu Jian Council.
  5466 | D:4      | Noticed Robin
  5482 | D:4      | Killed Robin
  5742 | D:5      | Entered Level 5 of the Dungeon
  5742 | D:5      | Found an opulent altar of Gozag.
  6056 | D:5      | Reached skill level 5 in Invocations
  6058 | D:5      | Reached XP level 8. HP: 35/61 MP: 10/10
  6378 | D:5      | Reached skill level 5 in Fighting
  6545 | D:5      | Noticed Duvessa
  6545 | D:5      | Noticed Dowan
  6554 | D:5      | Noticed Duvessa
  6554 | D:5      | Duvessa changed into Duvessa the big kobold
  6556 | D:5      | Noticed Dowan
  6556 | D:5      | Dowan changed into Dowan the swamp drake
  6561 | D:5      | Noticed Dowan
  6561 | D:5      | Dowan the swamp drake changed into Dowan the wolf
  6571 | D:5      | Killed Dowan the wolf
  6605 | D:5      | Killed Duvessa the big kobold
  6911 | D:5      | Found a transporter.
  6913 | D:5      | Noticed Jorund's ghost (novice VSIE)
  7198 | D:5      | Found a staircase to the Ecumenical Temple.
  7241 | D:5      | Reached skill level 5 in Maces & Flails
  7241 | D:5      | Reached skill level 5 in Armour
  7817 | D:6      | Found a snail-covered altar of Cheibriados.
  7851 | D:6      | Reached XP level 9. HP: 54/69 MP: 12/12
  8008 | D:6      | Reached **** piety under Lugonu
  8073 | D:5      | Slain by a sky beast

Skill      XL: |  1  2  3  4  5  6  7  8  9 |
---------------+----------------------------+-----
Invocations    | 3 4 5 6 |  6.5
Dodging        | 2 |  2.2
Maces & Flails | 3 4 5 |  5.4
Armour         | 3 4 5 |  5.5
Fighting       | 4 5 6 |  6.0

Action                   |  1- 3 |  4- 6 |  7- 9 || total
-------------------------+-------+-------+-------++-------
Melee: Mace              |    60 |       |       ||    60
       Whip              |    42 |   225 |   346 ||   613
Throw: Stone             |       |    12 |       ||    12
 Abil: Blink             |     1 |     3 |       ||     4
Evoke: Wand              |       |       |     7 ||     7
  Use: Scroll            |     4 |       |     2 ||     6
       Potion            |     2 |     2 |     5 ||     9
 Stab: Sleeping          |     1 |       |       ||     1
  Eat: Chunk             |     2 |     7 |    12 ||    21
       Ration            |       |     1 |     1 ||     2
Armor: Leather armour    |    21 |       |       ||    21
       Scale mail        |     9 |     5 |       ||    14
       Plate armour      |       |   188 |   202 ||   390
       Skin              |       |       |    12 ||    12
Dodge: Dodged            |    63 |    69 |    75 ||   207
